 Dungeon Crawl Stone Soup version 0.27.0-1-g7a089689b8 (webtiles) character file.

Game seed: 8847917795374101870

1222 101zpm the Covered (level 8, -4/48 HPs)
             Began as a Gargoyle Fighter on Aug 11, 2021.
             Shot with an arrow by a centaur (9 damage)
             ... on level 6 of the Dungeon.
             The game lasted 00:16:30 (7164 turns).

101zpm the Covered (Gargoyle Fighter)               Turns: 7164, Time: 00:16:31

Health: -4/48      AC: 17    Str: 22    XL:     8   Next: 47%
Magic:  17/17      EV:  4    Int:  9    God:
Gold:   264        SH: 15    Dex:  9    Spells: 7/7 levels left

rFire    . . .     SeeInvis .   o - +4 club
rCold    . . .     Faith    .   J - +0 tower shield
rNeg     + . .     Spirit   .   B - +0 chain mail
rPois    ∞         Reflect  .   x - +0 helmet
rElec    +         Harm     .   (no cloak)
rCorr    .         Rampage  .   (no gloves)
Will     .....                  (no boots)
Stlth    ..........             (no amulet)
HPRegen  0.16/turn              f - ring of magical power
MPRegen  0.15/turn              (no ring)

@: no status effects
A: sickness immunity, AC +5, negative energy resistance 1, electricity
resistance, torment resistance 1, petrification resistance
a: no special abilities


You were on level 6 of the Dungeon.
You visited 1 branch of the dungeon, and saw 7 of its levels.

You collected 264 gold pieces.

Inventory:

Hand Weapons
 a - a +0 flail
 j - a +2 dagger of venom
 o - a +4 club (weapon)
 p - a +2 dagger of flaming
Missiles
 t - 8 sling bullets
 u - 113 stones (quivered)
 v - 13 bolts
 w - 102 arrows
 y - 2 javelins
Armour
 b - a +0 scale mail
 c - a +0 kite shield
 x - a +0 helmet (worn)
 B - a +0 chain mail (worn)
 J - a +0 tower shield (worn)
Jewellery
 f - a ring of magical power (left hand)
 A - a ring of flight
 E - a ring of magical power
 I - a ring of ice
Scrolls
 e - 8 scrolls of identify {unknown}
 m - a scroll of blinking {unknown}
 r - 2 scrolls of teleportation {unknown}
 s - a scroll of vulnerability {unknown}
 z - 2 scrolls of noise {unknown}
 C - 2 scrolls of immolation {unknown}
 D - 2 scrolls of enchant weapon {unknown}
 F - a scroll of magic mapping {unknown}
 H - a scroll of fear {unknown}
Potions
 d - a potion of might
 g - a potion of haste {unknown}
 h - 2 potions of curing {unknown}
 i - a potion of magic {unknown}
 k - 6 potions of heal wounds {unknown}
 l - a potion of degeneration {unknown}
 n - 2 potions of attraction {unknown}
 q - 2 potions of flight {unknown}
 G - 2 potions of brilliance {unknown}


   Skills:
 + Level 4.7 Fighting
 + Level 1.9 Short Blades
 + Level 4.5 Maces & Flails
 + Level 1.4 Throwing
 + Level 6.6 Armour
 + Level 1.5 Dodging
 + Level 1.0 Stealth
 + Level 6.5 Shields


You had 7 spell levels left.
You didn't know any spells.
Your spell library contained the following spells:

 Spells                   Type           Power      Damage    Failure   Level
 Static Discharge         Conj/Air       0%         N/A       100%        2
 Gell's Gravitas          Tloc           0%         N/A       100%        3
 Inner Flame              Hex/Fire       0%         N/A       100%        3
 Lesser Beckoning         Tloc           0%         N/A       100%        3
 Ozocubu's Armour         Ice            0%         N/A       100%        3
 Teleport Other           Tloc           0%         N/A       100%        3
 Tukima's Dance           Hex            0%         N/A       100%        3
 Cause Fear               Hex            0%         N/A       100%        4
 Dispel Undead            Necr           0%         3d6       100%        4
 Passage of Golubria      Tloc           N/A        N/A       100%        4
 Sticky Flame             Conj/Fire      0%         2d3       100%        4
 Metabolic Englaciation   Hex/Ice        0%         N/A       100%        5
 Yara's Violent Unravell  Hex/Tmut       0%         3d3       100%        5
 Simulacrum               Ice/Necr       0%         N/A       100%        6
 Discord                  Hex            0%         N/A       100%        8


Dungeon Overview and Level Annotations

Branches:
Dungeon (7/15)
 Temple: D:4-7

Altars:
Vehumet

Annotations:
D:6 Eustachio


Innate Abilities, Weirdness & Mutations

You are immune to sickness and miasma.
Your stone body is resilient. (AC +5)
You are immune to poison.
You resist negative energy. (rN+)
You are resistant to electric shocks. (rElec)
You are resistant to unholy torment.
You are immune to petrification.


Message History

You hit the steam dragon but do no damage.
The steam dragon is lightly wounded.
The steam dragon bites you but does no damage.
You block the steam dragon's attack.
The steam dragon bites you but does no damage.
You block the steam dragon's attack.
You hit the steam dragon but do no damage.
The steam dragon is lightly wounded.
You block the steam dragon's attack.
The steam dragon claws you but does no damage.
You closely miss the steam dragon.
The steam dragon is lightly wounded.
The steam dragon breathes steam at you.
The ball of steam hits you but does no damage.
You hit the steam dragon but do no damage.
The steam dragon is lightly wounded.
You are engulfed in a cloud of scalding steam.
The steam dragon bites you. You block the steam dragon's attack.
The steam dragon bites you.
The steam dragon claws you but does no damage.
You barely miss the steam dragon.
The steam dragon is lightly wounded.
You are engulfed in a cloud of scalding steam.
* * * LOW HITPOINT WARNING * * *
The steam dragon bites you but does no damage.
The steam dragon claws you but does no damage.
The steam dragon breathes steam at you. The ball of steam hits you.
* * * LOW HITPOINT WARNING * * *
A necrophage comes into view.
Really walk into that cloud of steam?
You are engulfed in a cloud of scalding steam.
Found a stone staircase leading up.
There is an escape hatch in the ceiling here.
You are engulfed in a cloud of scalding steam.
A mysterious force pulls you upwards. The hatch slams shut behind you.
Level annotation: Eustachio The centaur shouts!
The centaur shoots an arrow.
The arrow hits you!
You die...

###.#.# #####....##..
#. #.#.# #....##..##.
#.#.# #....# #..#.
#.#.# ###### #..#. #
#.#.# #.... # #.#
######## ##... # #.#
#....c.# #... #
#.##### #.$....# ##..
###+#.....####..@...#
#..
#....###.......[....#
#..
.....c..............#
##.
#....##.............#
#.
.....##.............#
####.
.##.###.............#
#####....
#.....#.#'.#####.####
#........ .....#.##'#
#.# #........
#.....### #........


You could see a centaur.

Vanquished Creatures
  2 ice beasts
  A black bear (D:3)
  4 scorpions
  A water moccasin skeleton (D:4)
  2 centaur skeletons
  A centaur zombie (D:6)
  5 hounds
  A jelly (D:5)
  Terence (D:2)
  3 iguanas
  Natasha (thrice) (D:2)
  Robin (D:3)
  4 adders
  5 gnolls
  A shadow imp (D:7)
  An adder skeleton (D:5)
  5 worms
  2 dart slugs (D:3)
  2 orcs
  5 ball pythons
  6 endoplasms
  3 giant cockroaches
  17 goblins
  14 hobgoblins
  13 jackals
  2 quokkas
  2 bats
  3 frilled lizards
  9 kobolds
  A quokka skeleton (D:4)
  4 rats
124 creatures vanquished.

Notes
Turn   | Place    | Note
-------+----------+-------------------------------------------
     0 | D:1      | 101zpm the Gargoyle Fighter began the quest for the Orb.
     0 | D:1      | Reached XP level 1. HP: 14/14 MP: 1/1
   132 | D:1      | Reached XP level 2. HP: 19/19 MP: 2/2
   450 | D:1      | Reached XP level 3. HP: 24/24 MP: 3/3
   770 | D:2      | Noticed Natasha
   777 | D:2      | Killed Natasha
   778 | D:2      | Reached XP level 4. HP: 21/29 MP: 4/4
  1104 | D:2      | Noticed Natasha
  1114 | D:2      | Killed Natasha
  1184 | D:2      | Reached XP level 5. HP: 31/33 MP: 5/5
  1203 | D:2      | Noticed Natasha
  1210 | D:2      | Killed Natasha
  1404 | D:2      | Found a faded altar of an unknown god.
  1440 | D:2      | Noticed Terence
  1448 | D:2      | Killed Terence
  2187 | D:2      | Reached skill level 1 in Short Blades
  2422 | D:3      | Reached XP level 6. HP: 17/38 MP: 6/6
  3475 | D:4      | Noticed Robin
  4006 | D:3      | Killed Robin
  4028 | D:4      | Noticed a black bear
  4046 | D:3      | Reached skill level 1 in Dodging
  4061 | D:3      | Killed a black bear
  4062 | D:3      | Reached skill level 5 in Armour
  4062 | D:3      | Reached skill level 5 in Shields
  4062 | D:3      | Reached XP level 7. HP: 13/43 MP: 7/7
  4844 | D:5      | Entered Level 5 of the Dungeon
  6134 | D:5      | Reached XP level 8. HP: 43/48 MP: 8/8
  6188 | D:5      | Reached skill level 1 in Stealth
  6212 | D:5      | Reached skill level 1 in Throwing
  6575 | D:5      | Found a radiant altar of Vehumet.
  7083 | D:6      | Noticed Eustachio
  7164 | D:6      | Shot with an arrow by a centaur

Illustrated notes

Levels and vault maps discovered:
D:1:      scummos_arrival_simple_crosswalls, layout_rooms,
          minmay_misc_feat_rows, amethyst_killhole
D:2:      layout_loops_ring, shapermc_ecumenical_altar_petra, uniq_natasha,
          uniq_terence
D:3:      layout_rooms, serial_co_window_serial, co_window_of_opportunity_a,
          co_window_paths_a, co_window_corner_a, co_window_corner_a,
          co_window_paths_a, co_window_paths_a, co_window_corner_a,
          co_window_corner_cb, co_window_corner_cb, co_window_paths_c,
          glass_columns_a, minmay_strange_pillars
D:4:      layout_rooms, grunt_ministairs_8, uniq_robin
D:5:      minmay_opposing_rooms, layout_cave_pools, vehumet_crystals,
          minmay_temple_entry_trees
D:6:      layout_basic, dk_noncrumbling_4, uniq_eustachio
D:7:      layout_gridville, minitemple, serial_rivers,
          chequers_serial_rivers_micro_e, chequers_serial_rivers_small_3,
          chequers_serial_rivers_small_3, chequers_serial_rivers_micro_a,
          minmay_diced_spiral

Skill      XL: |  1  2  3  4  5  6  7  8 |
---------------+-------------------------+-----
Fighting       | 4 |  4.7
Maces & Flails | 3 4 |  4.5
Shields        | 4 5 6 |  6.5
Armour         | 4 5 6 |  6.6
Short Blades   | 1 |  1.9
Dodging        | 1 |  1.5
Stealth        | 1 |  1.0
Throwing       | 1 |  1.4

Action                   |  1- 3 |  4- 6 |  7- 9 || total
-------------------------+-------+-------+-------++-------
Melee: Flail             |    88 |    11 |       ||    99
       Dagger            |       |   204 |       ||   204
       Club              |       |    27 |   235 ||   262
Throw: Javelin           |       |     4 |       ||     4
       Stone             |       |     5 |    10 ||    15
Armor: Scale mail        |    56 |   133 |     5 ||   194
       Chain mail        |       |       |   151 ||   151
Dodge: Dodged            |    23 |    83 |    56 ||   162
Block: Kite shield       |    48 |   160 |    65 ||   273
       Tower shield      |       |       |   155 ||   155
